Map: Chantier naval orbital

Players

Worming

  • Race: Zerg Zerg
  • League: Diamond

Nomad - Winner!

  • Race: Zerg Zerg
  • League: Master

VOD

Have the link to the VOD?

Description

Time

  • Played on: Dec. 17, 2015, 1:41 p.m.
  • Length: 11:33
Show
View Real Time Build Order
Export as new Build Order

Worming Zerg 

Build Orders: Hatch First, Lurkers 

Get SALT Encoding   

  12  0:01  Drone  
  13  0:12  Overlord  
  13  0:17  Drone  
  14  0:30  Drone x2  
  14  0:34  Drone  
  17  0:51  Hatchery  
  17  0:55  Drone  
  17  1:01  Drone  
  17  1:02  Extractor  
  17  1:06  Drone  
  18  1:16  Spawning Pool  
  17  1:20  Drone  
  18  1:28  Drone  
  19  1:39  Drone  
  20  1:49  Overlord  
  20  2:03  Queen x2  
  20  2:04  Zergling x4  
  20  2:07  Metabolic Boost  
  26  2:11  Drone  
  27  2:18  Drone  
  28  2:26  Drone x2  
  30  2:43  Drone x3  
  33  2:47  Overlord  
  33  2:56  Baneling Nest  
  32  3:17  Drone x10  
  42  3:38  Overlord  
  42  3:39  Zergling x4  
  42  3:41  Overlord, Extractor  
  42  3:49  Hatchery  
  42  3:53  Lair  
  41  3:57  Roach Warren  
  41  3:59  Drone x4, Extractor  
  43  4:07  Evolution Chamber  
  42  4:13  Drone, Extractor  
  42  4:15  Drone x3  
  45  4:23  Drone x3  
  48  4:30  Overlord x2  
  48  4:34  Zerg Missile Weapons Level 1  
  48  4:37  Overlord  
  48  4:38  Roach x3  
  54  4:41  Drone  
  55  4:48  Overlord  
  55  4:49  Glial Reconstitution  
  55  4:52  Overlord  
  55  4:54  Roach  
  57  5:04  Roach x3  
  57  5:05  Zergling x2  
  64  5:08  Ravager x3  
  67  5:24  Drone x7  
  67  5:27  Drone  
  67  5:28  Drone x2  
  77  5:29  Drone x3  
  80  5:37  Drone  
  80  5:38  Queen  
  80  5:40  Overlord  
  83  5:55  Drone x4  
  87  6:04  Drone x3  
  87  6:07  Extractor  
  87  6:08  Overlord  
  87  6:09  Overlord  
  87  6:10  Roach  
  95  6:11  Roach x2  
  95  6:18  Overlord, Spine Crawler x2  
  95  6:25  Roach  
  95  6:26  Roach x6  
  107  6:35  Roach x4  
  107  6:36  Roach  
  109  6:46  Roach x2  
  89  6:58  Drone  
  89  6:59  Drone  
  91  7:08  Ravager  
  92  7:09  Ravager x2  
  92  7:11  Drone x9  
  92  7:13  Zerg Missile Weapons Level 2  
  103  7:19  Spire  
  102  7:30  Drone x2  
  102  7:31  Extractor  
  102  7:32  Overlord  
  102  7:34  Overlord  
  103  7:47  Hydralisk Den  
  103  7:49  Hatchery  
  101  7:59  Overlord x2  
  101  8:04  Overlord x2  
  101  8:06  Drone x3  
  101  8:07  Roach x4  
  101  8:10  Queen  
  101  8:11  Queen  
  116  8:15  Zergling x14  
  123  8:26  Lurker Den  
  123  8:29  Overseer  
  123  8:31  Zerg Flyer Weapons Level 1  
  123  8:32  Mutalisk x7  
  137  8:46  Pneumatized Carapace  
  133  8:50  Hydralisk x5  
  133  8:51  Hydralisk x2  
  122  9:11  Mutalisk  
  122  9:12  Mutalisk  
  122  9:14  Zergling x2  
  122  9:15  Zergling x14  
  113  9:31  Zergling x16  
  115  9:53  Roach x6  
  115  9:56  Lurker  
  115  9:57  Lurker x6  
  120  10:00  Roach x3  
  112  10:10  Overseer  
  84  10:41  Overseer  
  80  10:43  Roach x6  
  90  10:55  Roach x4  
Show
View Real Time Build Order
Export as new Build Order

Nomad Zerg - Winner!

Build Orders: Hatch First, Lurkers 

Get SALT Encoding   

  12  0:01  Drone  
  13  0:13  Overlord  
  13  0:17  Drone  
  14  0:31  Drone x2  
  16  0:37  Drone  
  17  0:52  Hatchery  
  16  1:00  Extractor  
  15  1:12  Drone, Spawning Pool  
  15  1:14  Drone  
  16  1:24  Drone x2  
  18  1:35  Drone  
  19  1:47  Overlord  
  19  2:01  Queen  
  21  2:03  Metabolic Boost  
  21  2:04  Zergling x4  
  23  2:08  Queen  
  23  2:15  Drone x2  
  27  2:19  Drone  
  28  2:26  Drone  
  29  2:31  Drone  
  30  2:42  Drone  
  30  2:43  Baneling Nest  
  30  2:55  Drone x3  
  33  3:03  Drone x2  
  35  3:14  Overlord  
  35  3:15  Drone  
  36  3:21  Roach Warren  
  36  3:22  Extractor  
  34  3:38  Drone x3, Overlord  
  34  3:39  Drone x2  
  39  3:42  Lair  
  39  3:45  Extractor  
  38  3:49  Evolution Chamber  
  38  3:55  Drone x4  
  41  3:56  Drone x3  
  44  4:07  Roach x2  
  48  4:14  Overlord  
  48  4:15  Roach, Zerg Missile Weapons Level 1  
  48  4:16  Roach  
  52  4:17  Overlord  
  52  4:25  Baneling x2  
  52  4:29  Overlord  
  52  4:35  Roach  
  52  4:36  Roach  
  56  4:38  Hatchery  
  56  4:40  Drone x3  
  56  4:42  Glial Reconstitution  
  58  4:48  Drone  
  58  4:49  Drone x2  
  61  4:53  Overlord  
  61  4:56  Roach  
  63  5:01  Roach x2  
  71  5:07  Roach x2  
  71  5:10  Extractor  
  71  5:12  Roach x2  
  74  5:19  Roach x2  
  74  5:20  Roach  
  80  5:23  Roach x2  
  84  5:32  Overlord x2  
  84  5:38  Overlord x2  
  84  5:46  Overlord  
  84  5:52  Drone x3  
  84  5:53  Drone x2  
  84  5:55  Queen  
  84  5:56  Drone  
  92  5:57  Drone  
  93  6:05  Overlord  
  93  6:07  Roach x2  
  93  6:11  Zerg Missile Weapons Level 2  
  97  6:12  Drone  
  98  6:18  Drone  
  98  6:19  Drone x2  
  98  6:21  Drone x2  
  98  6:25  Overlord  
  90  6:48  Roach x3  
  90  6:49  Roach x5  
  100  6:56  Drone  
  100  6:57  Drone x2  
  97  7:07  Roach x7  
  109  7:12  Hydralisk Den  
  108  7:15  Extractor  
  108  7:16  Ravager x2  
  108  7:17  Ravager  
  108  7:18  Overlord  
  108  7:20  Roach x2  
  114  7:24  Drone  
  115  7:32  Roach x6  
  115  7:33  Overlord  
  127  7:41  Lurker Den  
  127  7:43  Overlord  
  127  7:50  Roach x3  
  127  7:51  Roach  
  135  7:53  Drone x2  
  137  8:01  Roach x6  
  137  8:03  Overlord  
  149  8:07  Overseer  
  149  8:14  Roach  
  149  8:15  Roach x3  
  157  8:23  Hatchery  
  156  8:30  Zerg Ground Armor Level 1  
  156  8:32  Hydralisk x3  
  156  8:33  Hydralisk x4  
  170  8:36  Overlord x2  
  170  9:03  Hydralisk x5  
  170  9:04  Hydralisk x3  
  176  9:10  Roach x2  
  176  9:11  Roach x5  
  176  9:14  Overlord  
  175  9:22  Muscular Augments  
  173  9:28  Ravager  
  159  9:38  Hydralisk x3  
  150  9:58  Drone x11  
  150  9:59  Queen  
  145  10:19  Hydralisk x8  
  159  10:22  Lurker  
  148  10:31  Hydralisk x2  
  148  10:32  Hydralisk x2  
  127  10:46  Roach x6  
  127  10:47  Roach x2  
  135  10:50  Queen  
  135  10:52  Drone x3, Extractor  
  135  10:54  Extractor  
  132  11:16  Overseer  
  130  11:25  Lurker  
  131  11:26  Lurker x4  
Tags
 
Add a new tag
Caveats
  • Supply blocks, unpowered buildings, or Contaminate may cause inaccurate times.
  • Supply counts are checked every 10 seconds.